 Dungeon Crawl Stone Soup version 0.25-a0-661-g55ea3d2053 (webtiles) character file.

Game seed: 9527492354113306475, levelgen mode: deterministic

13251 Lauz the Destroyer (level 11, 0/85 HPs)
             Began as a Purple Draconian Conjurer on Mar 23, 2020.
             Was an Elder of Vehumet.
             Slain by a +7 long sword (8 damage)
             ... on level 14 of the Dungeon.
             The game lasted 00:56:36 (13555 turns).

Lauz the Destroyer (Purple Draconian Conjurer)     Turns: 13555, Time: 00:56:36

Health: 0/85       AC:  8    Str: 11    XL:     11   Next: 73%
Magic:  12/26      EV:  9    Int: 30    God:    Vehumet [****..]
Gold:   456        SH:  0    Dex: 12    Spells: 2/32 levels left

rFire    . . .     SeeInvis .   s - +11 short sword of Fumeo {venom, rC+ Int+5}
rCold    + . .     Gourm    .   (no shield)
rNeg     . . .     Faith    .   (armour unavailable)
rPois    .         Spirit   .   A - +1 hat {Int+3}
rElec    .         Reflect  .   (no cloak)
rCorr    .         Harm     .   (no gloves)
MR       +....                  (no boots)
Stlth    ++........             r - amulet of the acrobat
HPRegen  0.24/turn              o - ring of wizardry
MPRegen  0.20/turn              i - +4 ring of intelligence

@: about to teleport, constricted
A: breathe power, unfitting armour, cold-blooded, AC +7
a: Breathe Dispelling Energy, Renounce Religion


You were on level 14 of the Dungeon.
You worshipped Vehumet.
Vehumet was greatly pleased with you.
You were hungry.

You visited 1 branch of the dungeon, and saw 12 of its levels.

You collected 456 gold pieces.

Inventory:

Hand Weapons
 e - a +0 dagger of speed
 s - the +11 short sword of Fumeo (weapon) {venom, rC+ Int+5}
   (You found it on level 4 of the Dungeon)

   It poisons the flesh of those it strikes.
   It affects your intelligence (+5).
   It protects you from cold.
 G - a +1 long sword of holy wrath
Armour
 A - a +1 hat of intelligence (worn)
Magical Staves
 p - an uncursed staff of air
Jewellery
 i - a +4 ring of intelligence (right hand)
 l - a +3 ring of protection
 o - a ring of wizardry (left hand)
 r - an amulet of the acrobat (around neck)
 D - a +5 ring of dexterity
Wands
 y - a wand of acid (14)
 C - a wand of paralysis (6)
Scrolls
 a - a scroll of random uselessness {unknown}
 c - a scroll of fog
 d - 2 scrolls of blinking {unknown}
 j - 10 scrolls of remove curse
 n - a scroll of enchant weapon {unknown}
 q - a scroll of amnesia
 t - a scroll of immolation {unknown}
 u - a scroll of brand weapon {unknown}
 x - 2 scrolls of identify
 F - a scroll of enchant armour {unknown}
 H - a scroll of acquirement {unknown}
 J - a scroll of magic mapping {unknown}
Potions
 f - 3 potions of haste
 g - 8 potions of curing
 h - 2 potions of brilliance {unknown}
 k - a potion of heal wounds {unknown}
 m - 2 potions of mutation {unknown}
 w - a potion of resistance {unknown}
 z - a potion of might {unknown}
 B - a potion of experience {unknown}
 E - a potion of stabbing {unknown}
Comestibles
 b - 16 rations


   Skills:
 * Level 4.3 Fighting
 - Level 1.7 Dodging
 - Level 1.7 Stealth
 + Level 11.3 Spellcasting
 + Level 13.1 Conjurations
 * Level 7.4 Hexes
 + Level 2.9 Translocations
 + Level 1.7 Fire Magic
 + Level 3.3 Air Magic


You had 2 spell levels left.
You knew the following spells:

 Your Spells              Type           Power        Failure   Level  Hunger
a - Magic Dart            Conj           ####         0%          1    None
b - Searing Ray           Conj           ######       0%          2    None
c - Shock                 Conj/Air       ####         1%          1    None
d - Fulminant Prism       Conj/Hex       ######....   1%          4    None
e - Iskenderun's Mystic   Conj/Tloc      ######..     1%          4    None
f - Tukima's Dance        Hex            ######..     1%          3    None
g - Conjure Ball Lightni  Conj/Air       ######....   1%          6    #####..
h - Fireball              Conj/Fire      ######....   1%          5    ##.....
i - Sticky Flame          Conj/Fire      ######..     1%          4    None

Your spell library contained the following spells:

 Spells                   Type           Power        Failure   Level  Hunger
 Orb of Destruction       Conj           #######...   1%          7    ######.
 Animate Skeleton         Necr           N/A          1%          1    None
 Foxfire                  Conj/Fire      ####         1%          1    None
 Pain                     Necr           ###.         1%          1    None
 Conjure Flame            Conj/Fire      ######..     1%          3    None
 Dazzling Flash           Conj/Hex       ######       1%          3    None
 Inner Flame              Hex/Fire       #####...     1%          3    None
 Vampiric Draining        Necr           ###.......   3%          3    None
 Animate Dead             Necr           N/A          12%         4    None
 Agony                    Necr           ###.....     32%         5    ##.....
 Deflect Missiles         Chrm/Air       ####......   65%         6    #####..


Dungeon Overview and Level Annotations

Branches:
Dungeon (11/15)            Temple (0/1) D:4            Lair (0/6) D:10
    Orc (0/2) D:10         Vaults (0/5) D:14

Altars:
Cheibriados
Elyvilon
Gozag
Kikubaaqudgha
Makhleb
Nemelex Xobeh
Okawaru
Ru
Sif Muna
Vehumet
Wu Jian
Yredelemnul

Annotations:
D:1 1 runed translucent door


Innate Abilities, Weirdness & Mutations

You can breathe bolts of dispelling energy.
Your rich purple scales are hard. (AC +7)
You cannot fit into any form of body armour.
You are cold-blooded and may be slowed by cold attacks.


Message History

You hear a shout!
The +7 long sword hits you. The +7 long sword hits you!
* * * LOW HITPOINT WARNING * * *
The searing ray hits the +7 long sword.
The +7 long sword is severely damaged.
The +7 long sword barely misses you.
The searing ray hits the +7 long sword.
The +7 long sword is almost destroyed.
The searing ray misses the anaconda.
The +7 long sword completely misses you.
A deep elf knight comes into view. It is wielding a +0 short sword.
The searing ray misses the +7 long sword.
The searing ray misses the anaconda.
You finish channeling your searing ray.
The +7 long sword completely misses you.
The +7 long sword closely misses you.
As you read the scroll of teleportation, it crumbles to dust.
You feel strangely unstable. The anaconda grabs you. The anaconda bites you!
* * * LOW HITPOINT WARNING * * *
x2 The anaconda constricts you.
The +7 long sword hits you!
You die...

.(..##....... .(..#
............# ##
##..##............##..
##..##.....e.........
##..##..............
##..##............#
##..##............#
##..##.........(..#
##..##.........S@.#
##..##............#
##..##............#
#..##............#
#.)#.............#
##.......#.#......#
##..#.).##.##.....#
##..##..[#∩#!.....#
##..##..##.# .....#


You could see an anaconda, a deep elf knight and a +7 long sword.

Vanquished Creatures
  Gastronok (D:8)
  A dancing weapon (D:14)
  2 two-headed ogres (D:9)
  An unseen horror (D:10)
  Pikel (D:4)
  A manticore (D:11)
  A cyclops (D:14)
  3 trolls (D:10)
  A hornet (D:9)
  2 hippogriffs (D:9)
  Grinder (D:6)
  4 hogs (D:8)
  A wyvern (D:10)
  7 yaks
  A human (D:8)
  A hungry ghost (D:9)
  4 orc warriors
  5 ice beasts
  A black bear (D:10)
  4 sky beasts
  3 slaves (D:4)
  A necrophage (D:9)
  A phantom (D:5)
  3 ogres
  7 centaurs
  3 big kobolds
  3 bullfrogs
  2 scorpions (D:7)
  4 killer bees (D:10)
  4 wights
  A howler monkey (D:11)
  3 crimson imps
  A bullfrog zombie (D:10)
  3 hounds
  4 quasits
  4 orc priests
  3 centaur skeletons
  10 orc wizards
  Jessica (D:2)
  An iguana (D:11)
  4 worker ants
  A hound skeleton (D:8)
  A worker ant zombie (D:6)
  A howler monkey zombie (D:2)
  9 gnolls
  11 adders
  A howler monkey skeleton (D:3)
  2 oozes (D:4)
  2 adder skeletons
  A worm (D:5)
  2 dart slugs
  6 leopard geckos
  49 orcs
  3 ball pythons
  4 bats
  8 giant cockroaches
  4 goblins
  8 hobgoblins
  4 quokkas (D:2)
  6 frilled lizards
  2 jackal skeletons
  30 kobolds
  2 leopard gecko skeletons (D:5)
  A quokka zombie (D:6)
  8 rats
275 creatures vanquished.

Vanquished Creatures (collateral kills)
  2 wights (D:10)
  An orc (D:10)
3 creatures vanquished.

Vanquished Creatures (others)
  14 ball lightnings
  46 fulminant prisms
  A plant (D:4)
61 creatures vanquished.

Grand Total: 339 creatures vanquished

Notes
Turn   | Place    | Note
-------+----------+-------------------------------------------
     0 | D:1      | Lauz the Draconian Conjurer began the quest for the Orb.
     0 | D:1      | Reached XP level 1. HP: 14/14 MP: 3/3
     1 | D:1      | Found a runed translucent door.
   414 | D:1      | Reached XP level 2. HP: 20/20 MP: 0/5
  1061 | D:2      | Reached XP level 3. HP: 26/26 MP: 0/6
  1078 | D:2      | Reached skill level 5 in Conjurations
  1224 | D:2      | Found a shimmering blue altar of Sif Muna.
  1225 | D:2      | Found an ancient bone altar of Kikubaaqudgha.
  1225 | D:2      | Found a radiant altar of Vehumet.
  1227 | D:2      | Identified Kikubaaqudgha's Grimoire of Black Secrets
  1244 | D:2      | Became a worshipper of Vehumet
  1366 | D:2      | Found a basalt altar of Yredelemnul.
  1398 | D:2      | Learned a level 2 spell: Searing Ray
  1566 | D:2      | Reached XP level 4. HP: 33/33 MP: 0/7
  2202 | D:2      | Reached * piety under Vehumet
  2202 | D:2      | Offered knowledge of Shock by Vehumet.
  2205 | D:2      | Found an iron altar of Okawaru.
  2241 | D:2      | Noticed Jessica
  2251 | D:2      | Killed Jessica
  2473 | D:3      | Reached XP level 5. HP: 30/38 MP: 0/9
  2575 | D:3      | Reached skill level 6 in Conjurations
  2587 | D:3      | Learned a level 1 spell: Shock
  2871 | D:3      | Found a sacrificial altar of Ru.
  3520 | D:4      | Reached XP level 6. HP: 45/45 MP: 0/11
  3613 | D:4      | Noticed a slave
  3616 | D:4      | Noticed a slave
  3886 | D:4      | Got a transparent short sword
  3887 | D:4      | Identified the +11 short sword of Fumeo {venom, rC+ Int+5}
                  | (You found it on level 4 of the Dungeon)
  3901 | D:4      | Learned a level 4 spell: Fulminant Prism
  4008 | D:4      | Found a staircase to the Ecumenical Temple.
  4133 | D:4      | Noticed a slave
  4174 | D:4      | Killed a slave
  4174 | D:4      | Killed a slave
  4360 | D:4      | Reached skill level 7 in Conjurations
  4635 | D:4      | Noticed a slave
  4650 | D:4      | Killed a slave
  4697 | D:4      | Noticed Pikel
  4711 | D:4      | Killed Pikel
  4711 | D:4      | Reached skill level 8 in Conjurations
  4711 | D:4      | Reached skill level 1 in Air Magic
  4711 | D:4      | Your scales start taking on a rich purple colour.
  4711 | D:4      | Reached skill level 5 in Spellcasting
  4711 | D:4      | Reached skill level 1 in Hexes
  4711 | D:4      | Reached XP level 7. HP: 41/51 MP: 2/15
  4717 | D:4      | Learned a level 4 spell: Iskenderun's Mystic Blast
  4799 | D:5      | Entered Level 5 of the Dungeon
  4879 | D:5      | Found a white marble altar of Elyvilon.
  5009 | D:5      | Found a white marble altar of Elyvilon.
  5295 | D:5      | Reached XP level 8. HP: 58/58 MP: 14/17
  5456 | D:5      | Found a sacrificial altar of Ru.
  5502 | D:5      | Offered knowledge of Sandblast by Vehumet.
  6083 | D:6      | Reached ** piety under Vehumet
  6092 | D:6      | Found a burning altar of Makhleb.
  6092 | D:6      | Found an opulent altar of Gozag.
  6128 | D:6      | Noticed Grinder
  6140 | D:6      | Paralysed by Grinder for 6 turns
  6146 | D:6      | Killed Grinder
  6146 | D:6      | Reached skill level 9 in Conjurations
  6658 | D:6      | Reached XP level 9. HP: 61/63 MP: 16/20
  6898 | D:7      | Reached skill level 10 in Conjurations
  6898 | D:7      | Reached skill level 1 in Translocations
  7022 | D:7      | Found a snail-covered altar of Cheibriados.
  7165 | D:7      | Reached skill level 1 in Fighting
  7421 | D:7      | Identified the Guide on Enchanting Lightness
  7427 | D:7      | Learned a level 3 spell: Tukima's Dance
  7441 | D:8      | Offered knowledge of Conjure Flame by Vehumet.
  7781 | D:8      | Reached *** piety under Vehumet
  8166 | D:8      | Learned a level 6 spell: Conjure Ball Lightning
  8287 | D:8      | Noticed Gastronok
  8292 | D:8      | Reached skill level 11 in Conjurations
  8445 | D:8      | Reached XP level 10. HP: 71/71 MP: 10/23
  8973 | D:8      | Killed Gastronok
  9761 | D:9      | Noticed a two-headed ogre
  9763 | D:9      | Reached skill level 5 in Hexes
  9763 | D:9      | Killed a two-headed ogre
  9763 | D:9      | Reached skill level 12 in Conjurations
 10057 | D:9      | Reached skill level 10 in Spellcasting
 10209 | D:9      | Offered knowledge of Stone Arrow by Vehumet.
 10287 | D:9      | Noticed a two-headed ogre
 10291 | D:9      | Killed a two-headed ogre
 10410 | D:9      | Reached XP level 11. HP: 78/78 MP: 22/25
 10539 | D:9      | Found a sparkling altar of Nemelex Xobeh.
 10636 | D:9      | Learned a level 5 spell: Fireball
 10641 | D:9      | Learned a level 4 spell: Sticky Flame
 10992 | D:9      | Found an ornate altar of the Wu Jian Council.
 11053 | D:10     | Entered Level 10 of the Dungeon
 11059 | D:10     | Reached **** piety under Vehumet
 11071 | D:9      | Offered knowledge of Lee's Rapid Deconstruction by Vehumet.
 11648 | D:10     | Found a staircase to the Orcish Mines.
 12288 | D:10     | Reached ***** piety under Vehumet
 12421 | D:10     | Found a staircase to the Lair.
 12496 | D:10     | Offered knowledge of Orb of Destruction by Vehumet.
 12573 | D:10     | Killed an unseen horror
 13055 | D:11     | Noticed a two-headed ogre
 13064 | D:11     | Reached skill level 1 in Fire Magic
 13337 | D:11     | You fall into a shaft and drop 3 floors!
 13355 | D:14     | Reached skill level 13 in Conjurations
 13390 | D:14     | Noticed a +5 long sword
 13423 | D:14     | Killed a +5 long sword
 13533 | D:14     | Found a gate to the Vaults.
 13540 | D:14     | Noticed a +7 long sword
 13550 | D:14     | Noticed an anaconda
 13553 | D:14     | Noticed a deep elf knight
 13555 | D:14     | Slain by a +7 long sword

Levels and vault maps discovered:
D:1:      dpeg_arrival_caged_fury, layout_basic
D:2:      minmay_spotlight, layout_loops_cross,
          grunt_temple_overflow_magic_moments, lemuel_coloured_pillars_altar,
          yredelemnul_altar_generic, minmay_pentomino_p4, uniq_jessica
D:3:      minmay_diamond_boxcup, layout_loops_ring, first_ration,
          nicolae_ru_path_of_blood
D:4:      layout_cave_pods, minmay_temple_entry_gardened_gates, uniq_pikel
D:5:      layout_loops_ring, kennysheep_mini, kennysheep_little_box,
          elyvilon_altar_4
D:6:      minmay_evil_eye, layout_layer_cave, amethyst_overflow_temple_binary,
          serial_shops, shop_fountains, uniq_grinder
D:7:      layout_gridville, cheibriados_altar_1
D:8:      layout_layer_cave, grunt_livestock, kennysheep_generic_room_9,
          uniq_gastronok
D:9:      layout_small_grid, old_standard_altar,
          nemelex_xobeh_ov_fountains_minmay
D:10:     layout_cave_pods, lair_entry_dummy, hiddenorc2_lemuel
D:11:     layout_long_grid, gammafunk_ghost_hive, palyth_stone_intersect,
          uniq_sonja
D:14:     hangedman_cross_veins, layout_long_grid, erik_vaults_1,
          nicolae_lava_and_water

Skill      XL: |  1  2  3  4  5  6  7  8  9 10 11 |
---------------+----------------------------------+-----
Conjurations   | 5 6 8 9 11 12 13 | 13.1
Spellcasting   | 3 5 6 7 9 10 11 | 11.3
Air Magic      | 1 2 3 |  3.3
Hexes          | 1 2 3 6 7 |  7.4
Translocations | 2 |  2.9
Fighting       | 1 4 |  4.3
Fire Magic     | 1 |  1.7
Dodging        | |  1.7
Stealth        | |  1.7

Action                   |  1- 3 |  4- 6 |  7- 9 | 10-12 || total
-------------------------+-------+-------+-------+-------++-------
Melee: Unarmed           |    31 |    20 |       |       ||    51
       Tailslap          |     1 |     5 |     1 |     1 ||     8
       Short sword       |       |     8 |    15 |    18 ||    41
 Cast: Magic Dart        |    69 |   117 |   125 |   169 ||   480
       Shock             |       |    26 |    15 |       ||    41
       Fulminant Prism   |       |     6 |    15 |    25 ||    46
       Searing Ray       |       |       |    14 |     7 ||    21
       Iskenderun's Myst |       |       |    19 |    15 ||    34
       Conjure Ball Ligh |       |       |       |     7 ||     7
       Fireball          |       |       |       |    20 ||    20
       Sticky Flame      |       |       |       |     9 ||     9
       Tukima's Dance    |       |       |       |     2 ||     2
 Abil: Breathe Dispellin |       |       |     5 |     1 ||     6
  Use: Scroll            |     2 |     1 |       |     4 ||     7
  Eat: Chunk             |     2 |    10 |     7 |    10 ||    29
       Ration            |       |       |     2 |     3 ||     5
Armor: Skin              |    25 |    15 |    10 |    18 ||    68
Dodge: Dodged            |    32 |    37 |    40 |    82 ||   191

Table legend:
 A = Non-vault XP
 B = Vault XP
 C = Vault XP percentage of total XP
 D = Non-vault monster count
 E = Vault monster count
 F = Vault count percentage of total count
                 A         B        C        D         E       F
            +---------+---------+-------+---------+---------+-------
      Total |   13546 |    5385 |  28.4 |     218 |      57 |  20.7
            +---------+---------+-------+---------+---------+-------
        D:1 |      33 |       0 |   0.0 |      13 |       0 |   0.0
        D:2 |      97 |      51 |  34.5 |      30 |       8 |  21.1
        D:3 |      97 |      36 |  27.1 |      19 |       6 |  24.0
        D:4 |     315 |     629 |  66.6 |      18 |       1 |   5.3
        D:5 |     444 |       0 |   0.0 |      16 |       0 |   0.0
        D:6 |    1128 |     424 |  27.3 |      18 |       5 |  21.7
        D:7 |     820 |       0 |   0.0 |      11 |       0 |   0.0
        D:8 |     677 |    2978 |  81.5 |      15 |       6 |  28.6
        D:9 |    4349 |     142 |   3.2 |      29 |       3 |   9.4
       D:10 |    3682 |     221 |   5.7 |      37 |      27 |  42.2
       D:11 |     977 |       0 |   0.0 |      10 |       0 |   0.0
       D:14 |     927 |     904 |  49.4 |       2 |       1 |  33.3
            +---------+---------+-------+---------+---------+-------
